 Dungeon Crawl Stone Soup version 0.27-a0-1154-gfdeffcb720 (webtiles) character file.

Game seed: 9679434159671510179

51 freelancePsychic the Vexing (level 3, -4/26 HPs)
             Began as a Gnoll Wanderer on May 14, 2021.
             Killed by divine providence
             ... invoked by an orc priest
              (9 damage)
             ... on level 4 of the Dungeon.
             The game lasted 00:03:57 (1731 turns).

freelancePsychic the Vexing (Gnoll Wanderer)        Turns: 1731, Time: 00:03:57

Health: -4/26      AC: 10    Str: 10    XL:     3   Next: 83%
Magic:  7/7        EV:  4    Int: 14    God:
Gold:   97         SH:  0    Dex: 10    Spells: 6/7 levels left

rFire    . . .     SeeInvis .   a - +2 spear
rCold    . . .     Faith    .   (no shield)
rNeg     . . .     Spirit   .   f - +0 chain mail
rPois    .         Reflect  .   (no helmet)
rElec    .         Harm     .   (no cloak)
rCorr    .         Rampage  .   (no gloves)
Will     .....                  k - +1 pair of boots
Stlth    ..........             (no amulet)
HPRegen  0.08/turn              (no ring)
MPRegen  0.10/turn              (no ring)

@: silenced (expiring)
A: fangs 1, strong nose, distributed training
a: no special abilities


You were on level 4 of the Dungeon.
You visited 1 branch of the dungeon, and saw 4 of its levels.

You collected 97 gold pieces.

Inventory:

Hand Weapons
 a - a +2 spear (weapon)
 e - a +0 dagger
Armour
 d - a +0 robe
 f - a +0 chain mail (worn)
 k - a +1 pair of boots (worn)
Jewellery
 i - a ring of protection from cold
 j - a ring of ice
 m - a +4 ring of evasion
Scrolls
 l - a scroll of teleportation {@r4}
Potions
 b - a potion of curing {unknown}
 g - a potion of ambrosia


   Skills:
 + Level 1.0 Fighting
 + Level 1.0 Short Blades
 + Level 1.0 Long Blades
 + Level 1.0 Axes
 + Level 1.0 Maces & Flails
 + Level 2.6 Polearms
 + Level 1.0 Staves
 + Level 1.0 Slings
 + Level 1.0 Bows
 + Level 1.0 Crossbows
 + Level 1.0 Throwing
 + Level 1.0 Armour
 + Level 2.6 Dodging
 + Level 4.2 Stealth
 + Level 1.0 Shields
 + Level 1.0 Unarmed Combat
 + Level 2.9 Spellcasting
 + Level 0.7 Conjurations
 + Level 5.4 Hexes
 + Level 2.1 Summonings
 + Level 0.7 Necromancy
 + Level 0.7 Translocations
 + Level 0.7 Transmutations
 + Level 0.7 Fire Magic
 + Level 0.7 Ice Magic
 + Level 0.7 Air Magic
 + Level 0.7 Earth Magic
 + Level 0.7 Poison Magic
 + Level 1.0 Invocations
 + Level 2.6 Evocations


You had 6 spell levels left.
You knew the following spells:

 Your Spells              Type           Power      Damage    Failure   Level
a - Shock                 Conj/Air       16%        1d4       100%        1

Your spell library contained the following spells:

 Spells                   Type           Power      Damage    Failure   Level
 Mephitic Cloud           Conj/Pois/Air  4%         N/A       100%        3


Dungeon Overview and Level Annotations

Branches:
Dungeon (4/15)
 Temple: D:4-7

Altars:
Elyvilon
The Shining One

Annotations:
D:2 Sigmund
D:3 Grinder


Innate Abilities, Weirdness & Mutations

You have very sharp teeth.
Your uncanny sense of smell can sniff out nearby items.
Your experience applies equally to all skills.


Message History

You kill the orc!
Things that are here:
a +0 war axe; an orc corpse An orc priest comes into view.
It is wielding a +0 whip.
The orc priest looks satisfied for a moment.
An orc comes into view. It is wielding a +0 club.
You closely miss the orc priest.
The orc priest mumbles some strange prayers to Beogh against you.
Pain shoots through your body!
You hit the orc priest but do no damage.
The orc priest hits you but does no damage.
You hit the orc priest. You bite the orc priest.
The orc priest is moderately wounded.
You puncture the orc!
You kill the orc!
The orc priest barely misses you.
Your Fighting skill increases to level 1!
Your Short Blades skill increases to level 1!
Your Long Blades skill increases to level 1!
Your Axes skill increases to level 1!
Your Maces & Flails skill increases to level 1!
Your Staves skill increases to level 1!
Your Slings skill increases to level 1!
Your Bows skill increases to level 1!
Your Crossbows skill increases to level 1!
Your Throwing skill increases to level 1!
Your Armour skill increases to level 1!
Your Shields skill increases to level 1!
Your Unarmed Combat skill increases to level 1!
You puncture the orc priest!
The orc priest is almost dead.
The orc priest hits you with a +0 whip.
* * * LOW HITPOINT WARNING * * *
You barely miss the orc priest.
The orc priest is almost dead.
The orc priest hits you but does no damage.
You barely miss the orc priest.
The orc priest is almost dead.
The orc priest mumbles some strange prayers to Beogh against you.
Beogh smites you!
You die...

#.## ###
#..##..##
#.......#
#.....⌠.##
##.P≈P....#
###
#..P≈.....#
#...####
#<..P..#
#..)o#
#..)..'#
##@###....##_#
#..........# #
##.###...#..#
### #..###...#
#..# .### #..#
.# #... #
#...# .....


You could see an orc priest.

Vanquished Creatures
  An adder (D:2)
  A dart slug (D:1)
  3 orcs
  A ball python (D:1)
  2 bats (D:1)
  4 endoplasms
  A giant cockroach (D:1)
  A hobgoblin (D:2)
  4 jackals
  4 kobolds (D:1)
  3 quokkas
  5 frilled lizards
  A goblin (D:1)
  2 rats (D:1)
33 creatures vanquished.

Notes
Turn   | Place    | Note
-------+----------+-------------------------------------------
     0 | D:1      | freelancePsychic the Gnoll Wanderer began the quest for the
                  | Orb.
     0 | D:1      | freelancePsychic set off with the following items: a +2
                  | spear, a potion of lignification, a +0 robe, a +0 dagger;
                  | and the following spell memorised: Shock; and the following
                  | spells available to memorise: Mephitic Cloud
     0 | D:1      | Reached XP level 1. HP: 13/13 MP: 4/4
   276 | D:1      | Reached XP level 2. HP: 19/19 MP: 5/5
   923 | D:1      | Reached XP level 3. HP: 23/25 MP: 7/7
  1153 | D:2      | Found a white marble altar of Elyvilon.
  1216 | D:2      | Reached skill level 1 in Invocations
  1508 | D:2      | Found a faded altar of an unknown god.
  1569 | D:2      | Noticed Sigmund
  1666 | D:3      | Noticed Grinder
  1696 | D:3      | Paralysed by Grinder for 7 turns
  1713 | D:4      | Found a glowing golden altar of the Shining One.
  1729 | D:4      | Reached skill level 1 in Fighting
  1729 | D:4      | Reached skill level 1 in Short Blades
  1729 | D:4      | Reached skill level 1 in Long Blades
  1729 | D:4      | Reached skill level 1 in Axes
  1729 | D:4      | Reached skill level 1 in Maces & Flails
  1729 | D:4      | Reached skill level 1 in Staves
  1729 | D:4      | Reached skill level 1 in Slings
  1729 | D:4      | Reached skill level 1 in Bows
  1729 | D:4      | Reached skill level 1 in Crossbows
  1729 | D:4      | Reached skill level 1 in Throwing
  1729 | D:4      | Reached skill level 1 in Armour
  1729 | D:4      | Reached skill level 1 in Shields
  1729 | D:4      | Reached skill level 1 in Unarmed Combat
  1731 | D:4      | Killed from afar by an orc priest

Illustrated notes

Levels and vault maps discovered:
D:1:      dpeg_arrival_rhombus, layout_loops_ring
D:2:      layout_basic, basic_altar, ebering_ecumenical_altar_rust,
          minmay_misc_feat_enclosed, minmay_parallelograms, uniq_sigmund
D:3:      layout_loops_ring, ebering_ghost_sewer_f, minmay_misc_feat_iff,
          dk_noncrumbling_2, chequers_serial_rivers_room_b, st_stairs_7,
          kennysheep_generic_room_14, uniq_grinder
D:4:      layout_loops_corners, tso_oasis_becter, minmay_temple_entry_hall,
          portal_sewer_entry_d, st_stairs_7

Skill      XL: |  1  2  3 |
---------------+----------+-----
Summonings     | 2 |  2.1
Invocations    | 1 |  1.0
Fighting       | 1 |  1.0
Short Blades   | 1 |  1.0
Long Blades    | 1 |  1.0
Axes           | 1 |  1.0
Maces & Flails | 1 |  1.0
Staves         | 1 |  1.0
Slings         | 1 |  1.0
Bows           | 1 |  1.0
Crossbows      | 1 |  1.0
Throwing       | 1 |  1.0
Armour         | 1 |  1.0
Shields        | 1 |  1.0
Unarmed Combat | 1 |  1.0
Polearms       | |  2.6
Dodging        | |  2.6
Stealth        | |  4.2
Spellcasting   | |  2.9
Conjurations   | |  0.7
Hexes          | |  5.4
Necromancy     | |  0.7
Translocations | |  0.7
Transmutations | |  0.7
Fire Magic     | |  0.7
Ice Magic      | |  0.7
Air Magic      | |  0.7
Earth Magic    | |  0.7
Poison Magic   | |  0.7
Evocations     | |  2.6

Action                   || total
-------------------------++-------
Melee: Spear             ||   145
       Bite              ||     8
  Use: Scroll            ||     2
       Potion            ||     2
 Stab: Sleeping          ||     3
Armor: Robe              ||     3
       Chain mail        ||    45
       Skin              ||    12
Dodge: Dodged            ||    33

Table legend: (Time is in decaauts)
 A = Elapsed time spent in this place.
 B = Non-inter-level travel time spent in this place.
 C = Inter-level travel time spent in this place.
 D = Time resting spent in this place.
 E = Time spent auto-exploring this place.
 F = Levels seen in this place.
 G = Mean time per level.
                   A        B        C        D        E       F      G
               +--------+--------+--------+--------+--------+-----+--------+
         Total |   1729 |   1716 |     13 |    167 |   1268 |   4 |  432.2 |
       Dungeon |   1729 |   1716 |     13 |    167 |   1268 |   4 |  432.2 |
               +--------+--------+--------+--------+--------+-----+--------+

Top non-repeatable levels by time:
     D:1: 1125 daAuts
     D:2: 445 daAuts
     D:3: 134 daAuts
     D:4: 23 daAuts
